 Dungeon Crawl Stone Soup version 0.31-a0-1074-g0b22e4e0f1 (webtiles) character file.

Game seed: 14022734751965857627

106379 Jeffwins the Mimic (level 16, 0/128 HPs)
             Began as a Merfolk Shapeshifter on Nov 26, 2023.
             Was an Initiate of Gozag.
             Slain by an orc warlord
             ... wielding a +1 vampiric long sword
              (25 damage)
             ... on level 2 of the Orcish Mines.
             The game lasted 00:59:46 (29465 turns).

Jeffwins the Mimic (Merfolk Shapeshifter)          Turns: 29465, Time: 00:59:47

Health: 0/128      AC: 30    Str: 21    XL:     16   Next: 44%
Magic:  19/25      EV: 16    Int: 16    God:    Gozag
Gold:   3012       SH:  4    Dex: 14    Spells: 15/28 levels left

rFire   . .          .
                       - Unarmed
rCold   + . .        l - +0 buckler
rNeg    + . .        u - melded +1 robe {Will+}
rPois   ∞            s - +2 hat
rElec   +            o - +2 cloak
rCorr   .            p - melded +0 pair of gloves
SInv    .            a - melded +0 pair of boots
Will    +....        T - amulet of magic regeneration
Stlth   +++          c - ring of protection from cold
HPRegen 0.41/turn    S - +6 ring of strength
MPRegen 0.59/turn

%: no passive effects
@: statue-form, gold aura, studying Evocations, very slow
A: slow and powerful, torment resistance 1, boosted hp, (nimble swimmer 2),
mertail
a: Begin Untransformation, Renounce Religion, Potion Petition, Call Merchant,
Bribe Branch


You were on level 2 of the Orcish Mines.
You worshipped Gozag.
Gozag was most pleased with you.
You were a living statue of rough stone.
You visited 4 branches of the dungeon, and saw 21 of its levels.
You also visited: Ossuary, Bailey, Ice Cave and Volcano.

You collected 7941 gold pieces.
You spent 4146 gold pieces at shops.
You paid 783 gold pieces to Gozag.


Innate Abilities, Weirdness & Mutations

You are a living statue of rough stone.
Your actions are slow, but your melee attacks are powerful.
You are resistant to unholy torment.
Your maximum health is increased.
Your equipment is partially melded.
You are immune to poison.
((You are very nimble when in or above water. (Stealth+, EV+, Speed+++)))
Your lower body shifts to a powerful aquatic tail in water.


   Skills:
 + Level 7.8 Fighting
 + Level 9.5 Dodging
 + Level 6.9 Stealth
 + Level 1.1 Shields
 * Level 11.7 Unarmed Combat
 * Level 6.5 Spellcasting
 * Level 6.1 Conjurations
 - Level 10.0 Transmutations
 * Level 6.1 Fire Magic
 * Level 7.3 Ice Magic
 * Level 6.5 Air Magic
 * Level 8.8 Poison Magic
 + Level 7.0 Evocations
 * Level 14.5 Shapeshifting


You had 15 spell levels left.
You knew the following spells:

 Your Spells              Type           Power      Damage    Failure   Level
c - Freezing Cloud        Conj/Ice/Air   13%        6-21      28%         5
m - Mephitic Cloud        Conj/Pois/Air  28%        N/A       2%          3
x - Ignite Poison         Fire/Tmut/Pois 31%        N/A       1%          3
z - Poisonous Vapours     Pois/Air       58%        N/A       1%          2

Your spell library contained the following spells:

 Spells                   Type           Power      Damage    Failure   Level
 Freeze                   Ice            100%       1d10      1%          1
 Scorch                   Fire           48%        2d7       1%          2
 Ozocubu's Armour         Ice            28%        N/A       2%          3
 Cigotuvi's Dreadful Rot  Necr/Pois/Air  42%        N/A       3%          2
 Hailstorm                Conj/Ice       26%        3d7       3%          3
 Alistair's Intoxication  Tmut/Pois      23%        N/A       10%         5
 Flame Wave               Conj/Fire      24%        2d8       13%         4
 Stone Arrow              Conj/Erth      30%        3d8       14%         3
 Apportation              Tloc           10%        N/A       16%         1
 Slow                     Hex            20%        N/A       16%         1
 Irradiate                Conj/Tmut      15%        3d16      16%         5
 Petrify                  Tmut/Erth      21%        N/A       21%         4
 Jinxbite                 Hex            10%        N/A       24%         2
 Summon Ice Beast         Ice/Summ       16%        N/A       34%         4
 Summon Lightning Spire   Summ/Air       15%        N/A       38%         4
 Confusing Touch          Hex            5%         N/A       43%         3
 Sigil of Binding         Hex            5%         N/A       43%         3
 Vampiric Draining        Necr           5%         2d6       43%         3
 Eringya's Noxious Bog    Tmut/Pois      17%        4d6       45%         6
 Metabolic Englaciation   Hex/Ice        8%         N/A       69%         5
 Animate Armour           Summ/Erth      10%        N/A       85%         4
 Conjure Ball Lightning   Conj/Air       12%        3x3d6     88%         6
 Borgnjor's Vile Clutch   Necr/Erth      2%         N/A       99%         5
 Lee's Rapid Deconstruct  Erth           2%         3d5*      99%         5
 Summon Cactus Giant      Summ           2%         N/A       100%        6
 Discord                  Hex            2%         N/A       100%        8
 Disjunction              Tloc           2%         N/A       100%        8
 Lehudib's Crystal Spear  Conj/Erth      7%         10d3      100%        8
 Sublimation of Blood     Necr           Unusable   N/A       N/A         2

Inventory:

Missiles
 H - 2 throwing nets {=f}
Armour
 a - a +0 pair of boots (melded)
 d - a +1 kite shield of fire resistance
 l - a +0 buckler (worn)
 o - a +2 cloak (worn)
 p - a +0 pair of gloves (melded)
 s - a +2 hat (worn)
 u - a +1 robe of willpower (melded)
 V - +0 fire dragon scales
Jewellery
 c - a ring of protection from cold (left fist)
 C - the ring of Awe {Ice MP+9 Dex+3}
   (You found it in an ice cave)

   [ring of ice]

   Ice:       It enhances your ice magic.
   Dex+3:     It affects your dexterity (+3).
   rF-:       It makes you vulnerable to fire.
   rC+:       It protects you from cold.
   MP+9:      It affects your magic capacity (+9).
 F - a ring of fire
 R - a ring of resist corrosion
 S - a +6 ring of strength (right fist)
 T - an amulet of magic regeneration (around neck)
 W - the amulet of Demons {Regen+ SInv}
   (You acquired it on level 9 of the Dungeon)

   [amulet of regeneration]

   SInv:      It lets you see invisible.
   Regen+:    It increases your rate of health regeneration.
Talismans
 h - a storm talisman
 y - a granite talisman (active)
 D - a serpent talisman
Wands
 b - a wand of flame (9)
 w - a wand of digging (7)
 z - a wand of paralysis (9)
 P - a wand of roots (3)
 Z - a wand of polymorph (7)
Scrolls
 g - 5 scrolls of fog
 q - 3 scrolls of fear
 t - 3 scrolls of enchant weapon
 x - a scroll of amnesia
 A - 8 scrolls of teleportation {@r4}
 J - 5 scrolls of enchant armour
 K - 3 scrolls of blinking
 L - 2 scrolls of brand weapon
 N - 2 scrolls of poison {!r}
 X - a scroll of vulnerability {!r}
 Y - 2 scrolls of silence {!r}
Potions
 e - 9 potions of curing {@q1}
 f - 6 potions of mutation {!q}
 j - 4 potions of invisibility
 k - 3 potions of magic {unknown}
 m - a potion of enlightenment
 n - 2 potions of brilliance
 r - 2 potions of ambrosia {unknown}
 v - 5 potions of haste {@q3}
 B - 4 potions of might
 E - 3 potions of resistance
 G - 2 potions of berserk rage {unknown}
 I - 3 potions of cancellation
 M - 2 potions of heal wounds {@q2}
 O - 2 potions of attraction {!q}
Miscellaneous
 i - a lightning rod (1/4)

Dungeon Overview and Level Annotations

Branches:
Dungeon (13/15)            Temple (1/1) D:7            Lair (5/5) D:8
  Swamp (0/4) Lair:2       Spider (0/4) Lair:2        Slime (0/5) Lair:5
    Orc (2/2) D:12        Ossuary (visited)          Bailey (visited)
  IceCv (visited)         Volcano (visited)
    Elf: Orc:2       Vaults: D:13-14

Altars:
Ashenzari
Cheibriados
Dithmenos
Elyvilon
Fedhas
Gozag
Hepliaklqana
Kikubaaqudgha
Makhleb
Nemelex Xobeh
Okawaru
Qazlal
Ru
Sif Muna
Trog
Uskayaw
Vehumet
Wu Jian
Xom
Yredelemnul
Zin
The Shining One
Jiyva

Shops:
D:2 :   D:3 !   D:7 (   D:9 ? Orc:1

=
###########################
......#○..........^......#.
.......○§☼..$..............
.......°☼o8................
.......°▓○'▓▓▓▓▓▓▓▓▓▓▓▓▓▓▓▓
........▓..▓ ........▓..▓
........▓..▓ .....o..▓..▓
......$.▓..▓ ........▓..▓
..$.....▓


You could see an orc warlord (strong).


Message History

You punch the orc warlord!
The orc warlord is no longer distracted by gold.
The orc warlord is lightly wounded.
The orc warlord hits you but does no damage.
Unknown command.
You hit the orc warlord but do no damage.
The orc warlord is lightly wounded.
The orc warlord is engulfed in freezing vapours.
The orc warlord misses you.
Unknown command.
You punch the orc warlord!
The orc warlord is moderately wounded.
The orc warlord is engulfed in freezing vapours.
The orc warlord hits you but does no damage.
Unknown command.
You pummel the orc warlord!!
The orc warlord is severely wounded.
The orc warlord is engulfed in freezing vapours.
The orc warlord hits you with a +1 vampiric long sword!!
* * * LOW HITPOINT WARNING * * *
Unknown command.
You hit the orc warlord but do no damage.
The orc warlord is severely wounded.
The orc warlord is engulfed in freezing vapours.
The orc warlord hits you with a +1 vampiric long sword.
* * * LOW HITPOINT WARNING * * *
The orc warlord is engulfed in freezing vapours.
The orc warlord hits you with a +1 vampiric long sword!!
You die...
Your body crumbles into a pile of gold.

Skill      XL: |  1  2  3  4  5  6  7  8  9 10 11 12 13 14 15 16 |
---------------+-------------------------------------------------+-----
Dodging        | 3 4 5 6 7 8 9 |  9.5
Unarmed Combat | 4 5 6 7 8 9 10 11 | 11.7
Fighting       | 2 3 4 5 6 7 |  7.8
Shapeshifting  | 5 6 8 10 11 12 13 14 | 14.5
Stealth        | 1 2 3 4 5 6 |  6.9
Evocations     | 1 2 3 4 5 6 7 |  7.0
Transmutations | 1 4 6 7 8 9 10 | 10.0
Poison Magic   | 1 3 4 5 6 7 8 |  8.8
Fire Magic     | 2 3 4 5 6 |  6.1
Air Magic      | 2 3 4 5 6 |  6.5
Spellcasting   | 1 2 3 4 5 6 |  6.5
Conjurations   | 1 3 4 5 6 |  6.1
Ice Magic      | 2 4 5 6 7 |  7.3
Shields        | 1 |  1.1

Action                     |  1- 3 |  4- 6 |  7- 9 | 10-12 | 13-15 | 16-18 || total
---------------------------+-------+-------+-------+-------+-------+-------++-------
  Melee: Unarmed           |   105 |   153 |   267 |   448 |   362 |   171 ||  1506
         Punch             |     2 |       |       |     5 |       |       ||     7
         Constrict         |       |       |    60 |    67 |    65 |    23 ||   215
         Maw               |       |       |       |    14 |       |       ||    14
   Cast: Poisonous Vapours |       |       |       |   128 |   261 |    96 ||   485
         Ignite Poison     |       |       |       |    36 |   111 |    46 ||   193
         Mephitic Cloud    |       |       |       |     5 |    21 |     1 ||    27
         Freezing Cloud    |       |       |       |       |     5 |     5 ||    10
 Invoke: Call Merchant     |       |       |       |       |       |     1 ||     1
  Evoke: Wand              |       |       |     5 |     3 |    10 |     2 ||    20
         Lightning rod     |       |       |       |       |     6 |     4 ||    10
    Use: Potion            |     1 |     1 |     2 |       |     3 |     1 ||     8
         Scroll            |       |       |    13 |    11 |     6 |     5 ||    35
   Stab: Sleeping          |     2 |       |     1 |     4 |     5 |     2 ||    14
         Paralysed         |       |       |     3 |     7 |     8 |       ||    18
         Distracted        |       |       |     1 |     5 |     5 |     2 ||    13
         Confused          |       |       |       |     1 |       |     1 ||     2
 Armour: Animal skin       |    44 |    49 |       |       |       |       ||    93
         Skin              |     4 |       |   170 |   324 |   366 |   205 ||  1069
         Robe              |       |    39 |    23 |       |       |       ||    62
  Dodge: Dodged            |    45 |    84 |   155 |   237 |   272 |   198 ||   991
  Block: Buckler           |       |       |       |       |       |    19 ||    19
   Form: Flux              |       |     1 |       |       |       |       ||     1
         Anaconda          |       |       |     1 |     2 |       |       ||     3
                           |       |       |       |     1 |       |       ||     1
         Maw               |       |       |       |     1 |       |       ||     1
         Statue            |       |       |       |       |       |     1 ||     1

Levels and vault maps discovered:
D:1:      minmay_arrival_arboretum_small, layout_basic, minivault_26
D:2:      layout_basic, nicolae_shop_vocational, uniq_crazy_yiuf_cottage
D:3:      layout_basic, xom_butterflies, serial_shops, shop,
          basic_ecumenical_altar
D:4:      layout_gridville
D:5:      layout_basic, minmay_starry_boxes
D:6:      layout_gridville, mainiacjoe_overflow_cross_hatched, enter_ossuary_5
D:7:      layout_basic, minmay_temple_entry_overgrown, serial_shops, shop
D:8:      layout_loops_corners, minmay_lair_entry_grove, enter_bailey_2,
          uniq_psyche, uniq_pikel
D:9:      layout_irregular_city, serial_shops, nicolae_shop_crystal
D:10:     layout_stronghold, mainiacjoe_overflow_divided_tiny, zin_statuary,
          serial_undead, serial_undead_a, serial_undead_a, serial_undead_c,
          serial_undead_f, uniq_nergalle
D:11:     layout_layer_cave, chei_slow_surprise
D:12:     layout_irregular_city, hiddenorc2_lemuel, grunt_decor_fettered
D:13:     layout_basic, david_vaults_5, nicolae_shop_gadgets, uniq_erolcha
Temple:   bh_familiar_temple
Lair:1:   layout_regular_city, chequers_serial_rivers_micro_a,
          serial_bayou_shore_b
Lair:2:   layout_hall_layers, alex1729_swamp_entry_worm_eleionoma,
          nicolae_spider_entry_non_spiders, hangedman_tree_tricks,
          kilobyte_rumbling_trees, uniq_gastronok, uniq_amaemon
Lair:3:   layout_cave_pods, nicolae_volcano_entry_s_turn, serial_bayou_shore_b,
          uniq_urug
Lair:4:   layout_long_grid, portal_ice_cave_entry_ice_simulacra,
          chequers_serial_rivers_micro_b, nicolae_lair_grove_arrangements,
          nicolae_lair_yak_garden
Lair:5:   hangedman_lair_caniforms_friends, layout_misc_corridors, wormcave,
          slime_entry_1, grunt_megastairs_4
Orc:1:    dreamdust_dug_too_deep, layout_diamond_mine
Orc:2:    st_orc_congregation, layout_diamond_mine, basic_altar,
          hellmonk_guarded_unrand_dark_maul, uniq_saint_roka

Notes
Turn   | Place    | Note
-------+----------+-------------------------------------------
     0 | D:1      | Jeffwins the Merfolk Shapeshifter began the quest for the
                  | Orb.
     0 | D:1      | Reached XP level 1. HP: 15/15 MP: 1/1
   180 | D:1      | Reached XP level 2. HP: 18/21 MP: 2/2
   411 | D:1      | Reached skill level 3 in Dodging
   622 | D:1      | Reached XP level 3. HP: 25/26 MP: 3/3
  1236 | D:2      | Found Xiabbarih's Vocational Training.
  1450 | D:2      | Found a runed translucent door.
  1451 | D:2      | Noticed Crazy Yiuf
  1632 | D:2      | Reached skill level 4 in Unarmed Combat
  1868 | D:2      | Killed Crazy Yiuf
  1869 | D:2      | Reached XP level 4. HP: 29/33 MP: 4/4
  2188 | D:3      | Found a faded altar of an unknown god.
  2257 | D:3      | Found a shimmering altar of Xom.
  2321 | D:3      | Reached skill level 2 in Fighting
  2343 | D:3      | Reached skill level 5 in Shapeshifting
  2510 | D:3      | Reached XP level 5. HP: 28/38 MP: 5/5
  2560 | D:3      | Found Ecsy's Distillery.
  2592 | D:3      | Bought a potion of heal wounds for 60 gold pieces
  3084 | D:3      | HP: 3/31 [poisoned by an orc]
  3322 | D:4      | Reached skill level 4 in Dodging
  3322 | D:4      | Reached skill level 5 in Unarmed Combat
  3322 | D:4      | Reached XP level 6. HP: 30/46 MP: 6/6
  4026 | D:5      | Entered Level 5 of the Dungeon
  4063 | D:5      | Reached skill level 1 in Stealth
  4063 | D:5      | Reached skill level 6 in Shapeshifting
  4071 | D:4      | Reached skill level 3 in Fighting
  4185 | D:4      | Reached XP level 7. HP: 19/52 MP: 7/7
  4322 | D:5      | Reached skill level 1 in Evocations
  4750 | D:5      | Reached skill level 7 in Shapeshifting
  5029 | D:5      | Reached skill level 8 in Shapeshifting
  5029 | D:5      | Reached XP level 8. HP: 56/58 MP: 8/8
  5287 | D:6      | Found an iron altar of Okawaru.
  5382 | D:6      | Reached skill level 9 in Shapeshifting
  5476 | D:6      | Reached skill level 10 in Shapeshifting
  5617 | D:6      | Reached skill level 2 in Stealth
  5617 | D:6      | Reached skill level 6 in Unarmed Combat
  5657 | D:6      | Reached skill level 5 in Dodging
  5683 | D:6      | Reached XP level 9. HP: 18/64 MP: 9/9
  5704 | D:6      | Found a sand-covered staircase.
  5709 | Ossuary  | Entered an ossuary
  5847 | Ossuary  | Reached skill level 4 in Fighting
  6431 | D:7      | Reached skill level 7 in Unarmed Combat
  6502 | D:7      | Found Foimog's Antique Weapon Boutique.
  6567 | D:7      | Reached skill level 11 in Shapeshifting
  6573 | D:7      | HP: 6/79 [yak (10)]
  6981 | D:7      | Reached skill level 6 in Dodging
  6987 | D:7      | Reached skill level 3 in Stealth
  6987 | D:7      | Reached skill level 2 in Evocations
  7126 | D:7      | Learned a level 2 spell: Poisonous Vapours
  7130 | D:7      | Learned a level 3 spell: Mephitic Cloud
  7134 | D:7      | Learned a level 3 spell: Ignite Poison
  7158 | D:7      | Found a staircase to the Ecumenical Temple.
  7169 | Temple   | Entered the Ecumenical Temple
  7191 | Temple   | Became a worshipper of Gozag Ym Sagoz the Greedy
  7399 | D:7      | Reached skill level 1 in Transmutations
  7412 | D:8      | Reached skill level 1 in Poison Magic
  7617 | D:8      | Reached XP level 10. HP: 73/73 MP: 10/10
  7623 | D:8      | Reached skill level 1 in Fire Magic
  7666 | D:8      | Reached skill level 5 in Fighting
  7666 | D:8      | Reached skill level 8 in Unarmed Combat
  7666 | D:8      | Reached skill level 1 in Air Magic
  7689 | D:8      | Found a flagged portal.
  7702 | D:8      | Noticed a kobold demonologist
  7713 | D:8      | Killed a kobold demonologist
  7714 | D:8      | Reached skill level 2 in Transmutations
  7723 | Bailey   | Entered a bailey
  7886 | Bailey   | Reached skill level 2 in Poison Magic
  8001 | Bailey   | Reached skill level 1 in Spellcasting
  8303 | Bailey   | Reached skill level 3 in Transmutations
  8383 | Bailey   | Reached skill level 2 in Air Magic
  8413 | Bailey   | Noticed a two-headed ogre
  8516 | Bailey   | Killed a two-headed ogre
  8517 | Bailey   | Reached skill level 2 in Fire Magic
  8517 | Bailey   | Reached skill level 3 in Poison Magic
  8848 | D:8      | Reached skill level 4 in Stealth
  9047 | D:8      | Noticed Psyche
  9223 | D:8      | Noticed Pikel
  9229 | D:8      | Killed Pikel
  9230 | D:8      | Reached skill level 7 in Dodging
  9230 | D:8      | Reached skill level 4 in Transmutations
  9230 | D:8      | Reached skill level 3 in Evocations
  9230 | D:8      | Reached skill level 12 in Shapeshifting
  9230 | D:8      | Reached XP level 11. HP: 80/80 MP: 1/13
  9288 | D:8      | Found a staircase to the Lair.
  9306 | D:8      | Killed Psyche
  9723 | D:8      | Reached skill level 4 in Poison Magic
  9737 | D:8      | Reached skill level 9 in Unarmed Combat
  9737 | D:8      | Reached skill level 5 in Transmutations
  9737 | D:8      | Reached skill level 3 in Air Magic
  9740 | D:8      | Reached skill level 2 in Spellcasting
 10679 | D:9      | Found Zyddyo's Magic Scroll Shop.
 10687 | D:9      | Bought a scroll of acquirement for 572 gold pieces
 10687 | D:9      | Bought a scroll of blinking for 82 gold pieces
 10687 | D:9      | Bought a scroll of vulnerability for 44 gold pieces
 10687 | D:9      | Bought a scroll of identify for 22 gold pieces
 10687 | D:9      | Bought a scroll of teleportation for 33 gold pieces
 10687 | D:9      | Bought a scroll of identify for 22 gold pieces
 10687 | D:9      | Bought a scroll of teleportation for 33 gold pieces
 10687 | D:9      | Bought a scroll of identify for 22 gold pieces
 10687 | D:9      | Acquired the amulet of Demons {Regen+ SInv}
 11239 | D:10     | Entered Level 10 of the Dungeon
 11337 | D:10     | Noticed Nergalle
 11345 | D:10     | Killed Nergalle
 11346 | D:10     | Reached skill level 3 in Fire Magic
 11565 | D:10     | Reached skill level 1 in Conjurations
 11945 | D:10     | Reached skill level 6 in Fighting
 12311 | D:10     | Reached skill level 5 in Stealth
 12311 | D:10     | Reached skill level 6 in Transmutations
 12311 | D:10     | Reached XP level 12. HP: 60/88 MP: 15/15
 12784 | D:10     | Reached skill level 5 in Poison Magic
 13020 | D:10     | Found a blossoming altar of Fedhas.
 13020 | D:10     | Found a snail-covered altar of Cheibriados.
 13180 | D:10     | Reached skill level 2 in Conjurations
 13275 | D:10     | Found a glowing silver altar of Zin.
 13430 | D:11     | Learned a level 5 spell: Freezing Cloud
 14137 | D:11     | Found a snail-covered altar of Cheibriados.
 14299 | D:11     | Noticed a two-headed ogre
 14305 | D:11     | Killed a two-headed ogre
 14306 | D:11     | Reached skill level 1 in Ice Magic
 14567 | D:11     | Reached skill level 4 in Air Magic
 14891 | D:12     | Reached skill level 4 in Evocations
 14913 | D:12     | Noticed a boulder beetle
 14923 | D:12     | Killed a boulder beetle
 15075 | D:12     | Found a staircase to the Orcish Mines.
 15599 | D:12     | Reached skill level 3 in Spellcasting
 15635 | D:12     | Reached skill level 8 in Dodging
 15635 | D:12     | Reached skill level 7 in Transmutations
 15635 | D:12     | Reached skill level 2 in Ice Magic
 16175 | D:3      | Bought a potion of mutation for 96 gold pieces
 16175 | D:3      | Bought a potion of might for 48 gold pieces
 16175 | D:3      | Bought a potion of curing for 36 gold pieces
 16175 | D:3      | Bought a potion of haste for 120 gold pieces
 16175 | D:3      | Bought a potion of curing for 36 gold pieces
 16567 | D:12     | Reached skill level 4 in Fire Magic
 16658 | D:12     | Reached skill level 13 in Shapeshifting
 17227 | D:2      | Bought a manual of Evocations for 960 gold pieces
 17410 | Lair:1   | Entered Level 1 of the Lair of Beasts
 17418 | Lair:1   | Reached skill level 3 in Conjurations
 17423 | Lair:1   | Reached skill level 10 in Unarmed Combat
 17582 | Lair:1   | Reached XP level 13. HP: 95/95 MP: 10/18
 17745 | Lair:1   | Reached skill level 6 in Poison Magic
 18099 | Lair:1   | Reached skill level 3 in Ice Magic
 18924 | Lair:2   | Found a hole to the Spider Nest.
 19101 | Lair:2   | Noticed Amaemon
 19106 | Lair:2   | Killed Amaemon
 19148 | Lair:2   | Noticed an eleionoma
 19163 | Lair:2   | Killed an eleionoma
 19168 | Lair:2   | Found a staircase to the Swamp.
 19403 | Lair:2   | Noticed Gastronok
 19423 | Lair:2   | Killed Gastronok
 19424 | Lair:2   | Reached skill level 4 in Spellcasting
 19424 | Lair:2   | Reached skill level 8 in Transmutations
 19561 | Lair:2   | Found a blossoming altar of Fedhas.
 20051 | Lair:3   | Reached skill level 5 in Evocations
 20143 | Lair:3   | Reached skill level 6 in Stealth
 20174 | Lair:3   | Reached skill level 4 in Ice Magic
 20242 | Lair:3   | Reached skill level 5 in Air Magic
 20501 | Lair:3   | Found a dark tunnel.
 20512 | Volcano  | Entered a volcano
 20556 | Volcano  | Reached skill level 4 in Conjurations
 21038 | Lair:3   | Noticed Urug
 21042 | Lair:3   | Killed Urug
 21803 | Lair:4   | Found a frozen archway.
 21806 | Lair:4   | Reached skill level 7 in Fighting
 21818 | IceCv    | Entered an ice cave
 22222 | IceCv    | Reached XP level 14. HP: 91/103 MP: 20/20
 22356 | IceCv    | Reached skill level 7 in Poison Magic
 22788 | IceCv    | Reached skill level 5 in Ice Magic
 22807 | IceCv    | Reached skill level 5 in Fire Magic
 22888 | IceCv    | Noticed a quicksilver ooze
 22988 | IceCv    | Noticed an azure jelly
 22999 | IceCv    | Killed an azure jelly
 23002 | IceCv    | Noticed a quicksilver ooze
 23006 | IceCv    | Killed a quicksilver ooze
 23107 | IceCv    | Killed a quicksilver ooze
 23238 | IceCv    | Found a viscous altar of Jiyva.
 23257 | IceCv    | Got the Exposition on Hypothermia
 23260 | IceCv    | Got the ring of Awe {Ice MP+9 Dex+3}
 23263 | IceCv    | Got Cejag's Spellbook of Refrigeration
 23398 | Lair:4   | Reached skill level 9 in Transmutations
 23550 | Lair:4   | Reached skill level 5 in Spellcasting
 23802 | Lair:4   | Identified a potion of experience
 23802 | Lair:4   | Reached skill level 5 in Conjurations
 23802 | Lair:4   | Reached skill level 6 in Evocations
 23802 | Lair:4   | Reached XP level 15. HP: 108/108 MP: 21/23
 23871 | Lair:4   | You fall into a shaft and drop 1 floor!
 23871 | Lair:5   | Entered Level 5 of the Lair of Beasts
 23883 | Lair:5   | Reached skill level 11 in Unarmed Combat
 23957 | Lair:4   | Reached skill level 9 in Dodging
 24157 | Lair:4   | Reached skill level 6 in Ice Magic
 24157 | Lair:4   | Reached skill level 14 in Shapeshifting
 25365 | Lair:5   | Reached skill level 8 in Poison Magic
 25434 | Lair:5   | Reached skill level 6 in Air Magic
 25624 | Lair:5   | Reached skill level 10 in Transmutations
 25716 | Lair:5   | Found a staircase to the Slime Pits.
 25716 | Lair:5   | Found a viscous altar of Jiyva.
 25819 | Lair:5   | Identified 3 potions of resistance
 25991 | Lair:5   | Reached skill level 6 in Spellcasting
 26198 | Lair:5   | Found a runed translucent door.
 26482 | Lair:5   | Reached XP level 16. HP: 115/115 MP: 10/25
 27804 | Orc:1    | Entered Level 1 of the Orcish Mines
 27992 | Orc:1    | Bought a granite talisman for 840 gold pieces
 27992 | Orc:1    | Bought a storm talisman for 1120 gold pieces
 28078 | Orc:1    | Reached skill level 7 in Ice Magic
 28447 | Orc:1    | Found a runed translucent door.
 28472 | Orc:1    | Reached skill level 6 in Fire Magic
 28754 | Orc:2    | Entered Level 2 of the Orcish Mines
 28826 | Orc:2    | Reached skill level 6 in Conjurations
 29117 | Orc:2    | Noticed Saint Roka
 29131 | Orc:2    | HP: 12/127 [Saint Roka/divine providence (11)]
 29131 | Orc:2    | HP: 2/127 [orc warrior/arrow[Saint Roka] (10)]
 29132 | Orc:2    | Killed Saint Roka
 29133 | Orc:2    | Reached skill level 7 in Evocations
 29297 | Orc:2    | Reached skill level 1 in Shields
 29465 | Orc:2    | Slain by an orc warlord

Vanquished Creatures
  Saint Roka (Orc:2)
  Gastronok (Lair:2)
  An azure jelly (IceCv)
  A balrug (Orc:1)
  2 quicksilver oozes (IceCv)
  An eleionoma (Lair:2)
  An ice dragon (Lair:5)
  4 hydras
  A catoblepas (Lair:4)
  2 boulder beetles
  2 two-headed ogres
  A death yak (Lair:4)
  An orc high priest (Orc:2)
  Urug (Lair:3)
  Nergalle (D:10)
  Amaemon (Lair:2)
  A skyshark (Lair:5)
  Pikel (D:8)
  2 lindwurms
  3 orc knights
  2 oklob plants (Lair:2)
  A deep elf pyromancer (D:12)
  An orc sorcerer (Orc:1)
  A cyclops (D:11)
  3 manticores
  An ugly thing (D:12)
  4 centaur zombies (D:10)
  7 elephants
  7 cane toads
  6 torpor snails
  3 ice statues (IceCv)
  An orange demon (Lair:2)
  A gargoyle (D:10)
  2 black mambas
  3 efreet (Volcano)
  An unseen horror (D:12)
  8 komodo dragons
  A kobold demonologist (D:8)
  Psyche (D:8)
  4 rime drakes
  5 trolls
  4 tyrant leeches (Lair:5)
  8 hornets (Lair:5)
  12 polar bears
  20 slime creatures
  A dream sheep (Lair:5)
  12 blink frogs
  2 raiju (Lair:5)
  4 spriggans (Bailey)
  6 vampires (D:10)
  7 shadows
  4 fire elementals (Volcano)
  54 yaks
  8 wyverns
  4 wraiths
  4 basilisks
  6 steam dragons
  2 death yak simulacra (Lair:4)
  9 water moccasins
  6 wargs
  15 hell hounds (Lair:5)
  3 great orb of eyes simulacra (IceCv)
  An acid dragon (D:9)
  A sky beast (D:7)
  26 orc warriors
  2 ice beasts
  11 ogres
  3 centaurs
  13 black bears
  4 boggarts (Lair:2)
  33 wolves
  5 slime creature simulacra (IceCv)
  5 bullfrogs
  2 kobold brigands
  2 gnoll sergeants
  4 glowing shapeshifter simulacra (IceCv)
  10 scorpions
  11 wights
  An elephant simulacrum (Lair:4)
  3 killer bees (D:8)
  6 howler monkeys
  A hound (D:6)
  A jelly (D:5)
  Crazy Yiuf (D:2)
  3 gnoll boudas
  11 orc priests
  2 sleepcaps
  4 iguanas
  38 orc wizards
  3 polar bear simulacra (Lair:4)
  2 shapeshifter simulacra (IceCv)
  8 mummies (Ossuary)
  A howler monkey zombie (D:10)
  30 gnolls
  3 adders
  2 white imps (D:5)
  4 ufetubi (D:6)
  4 worms
  3 dart slugs (D:5)
  102 orcs
  2 ball pythons (D:1)
  4 bats
  5 endoplasms
  4 giant cockroaches
  5 hobgoblins
  3 jackals (D:1)
  2 quokkas
  6 frilled lizards
  2 gnoll zombies (Ossuary)
  11 goblins
  16 kobolds
  A kobold zombie (Ossuary)
  5 orc zombies (Ossuary)
  4 rats
  A butterfly (D:3)
720 creatures vanquished.

Vanquished Creatures (collateral kills)
  2 cane toads (Lair:1)
  4 yaks
  An orc warrior (Orc:2)
  A gnoll sergeant (D:6)
  4 gnolls (D:6)
  An orc (Orc:2)
13 creatures vanquished.

Grand Total: 733 creatures vanquished

Table legend: (Time is in decaauts)
 A = Elapsed time spent in this place.
 B = Non-inter-level travel time spent in this place.
 C = Inter-level travel time spent in this place.
 D = Time resting spent in this place.
 E = Time spent auto-exploring this place.
 F = Levels seen in this place.
 G = Mean time per level.
                   A        B        C        D        E       F      G
               +--------+--------+--------+--------+--------+-----+--------+
         Total |  29984 |  27836 |   2148 |   2186 |  20074 |  25 | 1199.4 |
       Dungeon |  16006 |  14401 |   1605 |   1012 |  10661 |  13 | 1231.2 |
        Temple |     43 |      2 |     41 |      0 |      0 |   1 |   43.0 |
          Lair |   8580 |   8147 |    433 |    494 |   6102 |   5 | 1716.0 |
  Orcish Mines |   2337 |   2269 |     68 |    168 |   1603 |   2 | 1168.5 |
       Ossuary |    447 |    447 |      0 |     75 |    265 |   1 |  447.0 |
        Bailey |    942 |    942 |      0 |    118 |    649 |   1 |  942.0 |
      Ice Cave |   1504 |   1504 |      0 |    312 |    794 |   1 | 1504.0 |
       Volcano |    123 |    123 |      0 |      7 |      0 |   1 |  123.0 |
               +--------+--------+--------+--------+--------+-----+--------+

Top non-repeatable levels by time:
  Lair:5: 2608 daAuts
     D:8: 2141 daAuts
    D:10: 2042 daAuts
  Lair:4: 1771 daAuts
    D:11: 1692 daAuts
    D:12: 1603 daAuts
  Lair:3: 1592 daAuts
   IceCv: 1504 daAuts
  Lair:1: 1328 daAuts
   Orc:1: 1280 daAuts
  Lair:2: 1280 daAuts
     D:3: 1218 daAuts
     D:4: 1191 daAuts
     D:7: 1130 daAuts
     D:5: 1076 daAuts

Table legend:
 A = Non-vault XP
 B = Vault XP
 C = Vault XP percentage of total XP
 D = Non-vault monster count
 E = Vault monster count
 F = Vault count percentage of total count
                 A         B        C        D         E       F
            +---------+---------+-------+---------+---------+-------
      Total |   57017 |   58823 |  50.8 |     444 |     288 |  39.3
            +---------+---------+-------+---------+---------+-------
        D:1 |      44 |       0 |   0.0 |      26 |       0 |   0.0
        D:2 |      23 |      40 |  63.5 |      10 |       1 |   9.1
        D:3 |     111 |       0 |   0.0 |      21 |       0 |   0.0
        D:4 |     292 |       0 |   0.0 |      12 |       0 |   0.0
        D:5 |     562 |     159 |  22.1 |      22 |       3 |  12.0
        D:6 |    1246 |       0 |   0.0 |      33 |       0 |   0.0
        D:7 |    1766 |       0 |   0.0 |      21 |       0 |   0.0
        D:8 |    2875 |    2792 |  49.3 |      32 |      13 |  28.9
        D:9 |     696 |     217 |  23.8 |       8 |       1 |  11.1
       D:10 |    2146 |    5089 |  70.3 |      25 |      17 |  40.5
       D:11 |    3267 |       6 |   0.2 |      22 |       1 |   4.3
       D:12 |    4647 |     234 |   4.8 |      20 |      32 |  61.5
       D:13 |     468 |       0 |   0.0 |       1 |       0 |   0.0
     Lair:1 |    5119 |     310 |   5.7 |      21 |       1 |   4.5
     Lair:2 |    3149 |    5968 |  65.5 |      10 |      20 |  66.7
     Lair:3 |    4776 |     790 |  14.2 |      18 |       1 |   5.3
     Lair:4 |    7815 |    3050 |  28.1 |      32 |      13 |  28.9
     Lair:5 |   11908 |   18331 |  60.6 |      37 |      81 |  68.6
      Orc:1 |    2934 |    1197 |  29.0 |      42 |       1 |   2.3
      Orc:2 |    2256 |    6552 |  74.4 |      27 |      34 |  55.7
    Ossuary |       0 |     153 | 100.0 |       0 |      16 | 100.0
     Bailey |       0 |    2856 | 100.0 |       0 |      14 | 100.0
      IceCv |     917 |    9202 |  90.9 |       4 |      32 |  88.9
    Volcano |       0 |    1877 | 100.0 |       0 |       7 | 100.0
            +---------+---------+-------+---------+---------+-------
